 Dungeon Crawl Stone Soup version 0.22.1-1-ga44c0e5 (webtiles) character file.

202290 Folque the Hand of Fortune (level 17, 0/125 HPs)
             Began as a Demonspawn Artificer on Sept 20, 2018.
             Was the Champion of Nemelex Xobeh.
             Slain by a salamander
             ... wielding a +2 halberd of chopping
              (5 damage)
             ... on level 4 of the Snake Pit on Sept 21, 2018.
             The game lasted 06:44:28 (41609 turns).

Folque the Hand of Fortune (Demonspawn Artificer)  Turns: 41609, Time: 06:44:33

Health: 0/125      AC: 23    Str: 20    XL:     17   Next: 94%
Magic:  16/28      EV: 18    Int: 32    God:    Nemelex Xobeh [******]
Gold:   3026       SH:  8    Dex: 21    Spells: 14/24 levels left

rFire    + . .     SeeInvis .   v - +11 short sword "Cuheafo" {protect, rF+ Dex+2}
rCold    + . .     Gourm    .   C - +0 buckler {rF+}
rNeg     . . .     Faith    +   h - +2 scale mail of Incorporation {rPois rF- Str+4 Int+10}
rPois    +         Spirit   .   U - +0 helmet {Int+3}
rElec    .         Reflect  .   m - +2 cloak
rCorr    .         Harm     .   (gloves unavailable)
MR       +....                  q - +2 pair of boots {Stlth+}
Stlth    ++........             l - amulet of faith
HPRegen  1.30/turn              F - +2 ring of dexterity
MPRegen  0.21/turn              t - +6 ring of intelligence

@: lethally poisoned (0 -> 0), regenerating, drained
A: claws 3, yellow scales 2, cold resistance 1, powered by death 2, freezing
cloud immunity
}: 1/15 runes: decaying
a: Triple Draw, Deal Four, Stack Five, Renounce Religion


You were on level 4 of the Snake Pit.
You worshipped Nemelex Xobeh.
Nemelex Xobeh was exalted by your worship.
You were not hungry.

You visited 9 branches of the dungeon, and saw 35 of its levels.
You also visited: Ice Cave and Volcano.

You collected 4031 gold pieces.
You spent 1005 gold pieces at shops.

Inventory:

Hand Weapons
 v - the +11 short sword "Cuheafo" (weapon) {protect, rF+ Dex+2}
   (You found it on level 1 of the Lair of Beasts)

   It protects the one who uses it against injury (+AC on strike).
   It affects your dexterity (+2).
   It protects you from fire.
Missiles
 b - 2 javelins of returning (quivered)
 H - 2 throwing nets
Armour
 h - the +2 scale mail of Incorporation (worn) {rPois rF- Str+4 Int+10}
   (You bought it in a shop on level 4 of the Snake Pit)

   It affects your strength (+4).
   It affects your intelligence (+10).
   It makes you vulnerable to fire.
   It protects you from poison.
 m - a +2 cloak (worn)
 n - a +6 scale mail of cold resistance
 q - a +2 pair of boots of stealth (worn)
 C - a +0 buckler of fire resistance (worn)
 P - the +3 scale mail of the Cockroach {*Slow rPois rF++ rN+}
   (You found it on level 1 of the Snake Pit)

   It greatly protects you from fire.
   It protects you from poison.
   It protects you from negative energy.
   It may slow you when you take damage.
 U - a +0 helmet of intelligence (worn)
Jewellery
 j - an uncursed ring of protection from fire
 k - an uncursed amulet of the acrobat
 l - an amulet of faith (around neck)
 t - a +6 ring of intelligence (right claw)
 w - an uncursed ring of poison resistance
 F - a +2 ring of dexterity (left claw)
Wands
 a - a wand of paralysis (7)
 c - a wand of flame (20)
 d - a wand of enslavement (23)
 s - a wand of random effects (40)
 y - a wand of disintegration (4)
Scrolls
 e - a scroll of enchant weapon
 g - 3 scrolls of fear
 p - a scroll of silence
 z - 11 scrolls of teleportation
 D - 11 scrolls of remove curse
 K - a scroll of magic mapping
 O - a scroll of blinking
 Q - 5 scrolls of identify
Potions
 r - a potion of cancellation
 u - a potion of magic
 x - a potion of might
 E - 2 potions of invisibility
 I - 10 potions of flight
 J - 3 potions of agility
 R - 3 potions of curing
 S - a potion of resistance
Miscellaneous
 o - a legendary deck of destruction {drawn: 4}
 G - a lightning rod (2/4)
 L - a phial of floods (inert)
 N - an ornate deck of escape
 T - an ornate deck of summoning {drawn: 3}
 V - a legendary deck of destruction {drawn: 4}
 W - an ornate deck of escape {drawn: 8}
 Y - a legendary deck of escape {drawn: 2}
 Z - a fan of gales (inert)
Comestibles
 f - 62 rations
 A - 5 chunks of flesh


   Skills:
 - Level 9.0(8.3) Fighting
 - Level 10.0(9.2) Short Blades
   Level 2.1(1.5) Axes
 - Level 4.1(3.5) Throwing
 - Level 14.0(13.2) Armour
 + Level 11.2(10.4) Dodging
 - Level 3.1(2.4) Stealth
 - Level 12.0(11.2) Shields
 - Level 4.2(3.5) Spellcasting
 * Level 3.5(2.8) Conjurations
 - Level 5.0(4.3) Charms
 + Level 5.1(4.5) Necromancy
 - Level 15.0(14.2) Invocations
 - Level 11.2(10.5) Evocations


You had 14 spell levels left.
You knew the following spells:

 Your Spells              Type           Power        Failure   Level  Hunger
a - Regeneration          Chrm/Necr      ####......   6%          3    ##.....
b - Corpse Rot            Necr           N/A          3%          2    None
c - Bolt of Draining      Conj/Necr      ####......   61%         5    #####..

Your spell library contained the following spells:

 Spells                   Type           Power        Failure   Level  Hunger
 Animate Skeleton         Necr           N/A          1%          1    None
 Pain                     Necr           ####         1%          1    None
 Sublimation of Blood     Necr           ####......   3%          2    None
 Throw Frost              Conj/Ice       ##....       11%         2    None
 Apportation              Tloc           #.....       13%         1    None
 Confusing Touch          Hex            #.....       13%         1    None
 Freeze                   Ice            #...         13%         1    None
 Summon Small Mammal      Summ           #...         13%         1    None
 Ozocubu's Armour         Chrm/Ice       ###.....     16%         3    ##.....
 Agony                    Necr           ####....     50%         5    #####..
 Dispel Undead            Necr           ####....     50%         5    #####..
 Excruciating Wounds      Chrm/Necr      ####......   50%         5    #####..
 Throw Icicle             Conj/Ice       ##......     56%         4    ####...
 Cause Fear               Hex            #.........   78%         4    ####...
 Ice Form                 Ice/Tmut       #.......     78%         4    ####...
 Summon Ice Beast         Ice/Summ       #.......     78%         4    ####...
 Borgnjor's Vile Clutch   Necr/Erth      ###.......   82%         5    #####..
 Metabolic Englaciation   Hex/Ice        #.........   98%         5    #####..
 Silence                  Hex/Air        #.........   98%         5    #####..
 Yara's Violent Unravell  Hex/Tmut       #.........   98%         5    #####..
 Bolt of Cold             Conj/Ice       ##........   100%        6    #######
 Deflect Missiles         Chrm/Air       ###.......   100%        6    #######
 Freezing Cloud           Conj/Ice/Air   ##........   100%        6    #######
 Ozocubu's Refrigeration  Ice            #.........   100%        6    #######
 Simulacrum               Ice/Necr       ###.......   100%        6    #######
 Discord                  Hex            #.........   100%        8    #######


Dungeon Overview and Level Annotations

Branches:
Dungeon (15/15)            Temple (1/1) D:7            Lair (6/6) D:9
  Swamp (4/4) Lair:4        Snake (4/4) Lair:2        Slime (1/5) Lair:6
    Orc (2/2) D:10            Elf (1/3) Orc:2        Vaults (0/5) D:13
 Depths (1/5) D:15

Altars:
Ashenzari
Cheibriados
Elyvilon
Fedhas
Gozag
Hepliaklqana
Kikubaaqudgha
Makhleb
Nemelex Xobeh
Okawaru
Qazlal
Ru
Sif Muna
Trog
Uskayaw
Vehumet
Wu Jian
Xom
Yredelemnul
Zin
The Shining One
Beogh

Shops:
D:4 =   D:15 :   Orc:1 ?   Orc:2 %*}?   Snake:4 *

Annotations:
Lair:6 exclusion: oklob plant
Elf:1 exclusion: Roxanne, Roxanne


Innate Abilities, Weirdness & Mutations

You have claws for hands.
You are mostly covered in yellow scales. (AC +3)
Your flesh is cold resistant. (rC+)
You regenerate health from kills.
You are immune to freezing clouds.


Message History

You feel sick. What are your orders? t - Shout!
Orders for allies: a - Attack new target. r - Retreat! s - Stop attacking. g - Guard the area. f - Follow me.
Anything else - Cancel.
Guard this area!
You feel sick. The naga warrior spits poison at you.
The splash of poison misses your rakshasa.
The splash of poison misses you.
Your sun demon hits the salamander!!
The salamander is engulfed in flames.
The salamander completely resists.
Your rakshasa barely misses the naga warrior.
Your water elemental hits the salamander.
Your water elemental engulfs the salamander in water!
The salamander hits you from afar with a halberd of chopping.
* * * LOW HITPOINT WARNING * * *
You are engulfed in flames.
You resist.
You die...
Your body disappears without a glow. ##### # #...# #.. # #...# .SN# #..## # #...# ...# #...# # #...# NN.# #...# # #...# #N)N# #...# # #≈@≈# #..)# #...# # #3ER# #NNN#

#...# #
#.N(###)..#
#...##
#≈†)N((NN÷#
#....##
#..RN.).N.#
##....#
#...###...##
##.... #...#
#...(###.....
#...#
##(.(.#...#..
#...##
##)(.[..###.


You could see a naga warrior, a naga sharpshooter, a salamander, 2 friendly
rakshasas, a friendly sun demon and a friendly water elemental.

Vanquished Creatures
  A sphinx (D:15)
  Frances (Snake:1)
  2 nagarajas (Snake:4)
  Louise (Swamp:3)
  A very ugly thing (Swamp:4)
  A deep elf annihilator (Elf:1)
  A spark wasp (Lair:5)
  A deep elf death mage (Elf:1)
  A fire dragon (D:15)
  6 vault guards (D:13)
  4 naga warriors
  Harold (Lair:2)
  13 hydras
  5 anacondas
  A centaur warrior (D:15)
  2 two-headed ogres
  3 dancing weapons (Elf:1)
  11 death yaks
  7 alligators
  3 tengu warriors (D:14)
  A deep troll earth mage (Depths:1)
  11 naga sharpshooters
  A thrashing horror (Swamp:4)
  5 shock serpents
  7 deep elf knights (Elf:1)
  A fire crab (shapeshifter) (D:15)
  2 unseen horrors
  3 sea snakes (Snake:2)
  A large abomination (Elf:1)
  4 spriggan druids (Swamp:3)
  A deep troll (Depths:1)
  2 swamp dragons
  4 deep elf archers (Elf:1)
  3 necromancers (Elf:1)
  6 orc knights
  10 mana vipers
  13 deep elf magi
  4 cyclopes
  A salamander (Snake:1)
  2 manticores
  6 orc sorcerers
  7 ugly things
  8 elephants
  A guardian serpent (Snake:4)
  12 naga magi
  24 black mambas
  A water nymph (Orc:2)
  An eye of devastation (Slime:1)
  An orange demon (Swamp:4)
  A torpor snail (Lair:6)
  3 ice statues (IceCv)
  6 centaur skeletons
  3 gargoyles
  2 molten gargoyles (Volcano)
  13 spiny frogs
  4 komodo dragons
  3 kobold demonologists
  A rime drake (Lair:6)
  A yaktaur (Elf:1)
  2 ice devils (D:15)
  A tengu conjurer (D:14)
  2 red devils (Volcano)
  A hornet (shapeshifter) (D:14)
  8 trolls
  4 polar bears (Lair:6)
  6 hornets
  3 bog bodies
  24 slime creatures
  8 dream sheep (Lair:6)
  7 tyrant leeches
  12 blink frogs
  8 hippogriffs
  Sigmund (D:6)
  A redback (Orc:2)
  A wraith (D:13)
  4 shadows
  2 wyverns
  8 spriggans
  24 yaks
  2 fire bats (Volcano)
  A hog (Elf:1)
  2 fire elementals (Elf:1)
  9 vampire mosquitoes
  4 soldier ants (Lair:5)
  16 nagas
  Edmund (D:5)
  12 swamp worms
  2 wargs
  3 insubstantial wisps (Swamp:1)
  8 porcupines
  4 water moccasins
  10 swamp drakes
  16 orc warriors
  3 black bears
  4 ice beasts
  2 sky beasts
  A necrophage (D:12)
  4 phantoms
  An eye of draining (D:13)
  6 ogres
  25 wolves
  3 boggarts
  12 centaurs
  7 crocodiles
  8 big kobolds
  An elf zombie (D:13)
  13 bullfrogs
  2 earth elementals (Elf:1)
  Dowan (D:5)
  2 wyvern skeletons (D:12)
  5 scorpions
  10 killer bees
  2 electric eels (Snake:2)
  2 wights
  3 vampire bats (D:11)
  A howler monkey (D:6)
  6 lava snakes (Volcano)
  3 bullfrog zombies
  5 centaur zombies
  7 crimson imps
  15 orc priests
  5 human zombies (D:13)
  8 hounds
  6 jellies
  18 orc wizards
  A bullfrog skeleton (D:10)
  2 iguanas
  4 hell rats (Lair:6)
  10 worker ants
  An ogre zombie (D:13)
  4 hound skeletons
  2 worker ant zombies
  4 gnolls (D:2)
  10 adders
  A howler monkey skeleton (D:6)
  A river rat (D:8)
  4 shadow imps
  2 oozes
  2 worms (D:3)
  4 dart slugs
  4 leopard geckos
  53 orcs
  6 giant cockroaches
  2 goblins
  9 hobgoblins
  5 jackals
  14 kobolds
  9 quokkas
  A ball python (D:2)
  11 bats
  7 frilled lizards
  9 rats
  A briar patch (Swamp:4)
  3 fungi
  2 plants (Lair:6)
842 creatures vanquished.

Vanquished Creatures (collateral kills)
  Vashnia (Snake:3)
  Gastronok (D:8)
  A nagaraja (Snake:4)
  A thorn hunter (Swamp:4)
  A ghost moth (Swamp:4)
  A very ugly thing (Swamp:4)
  A deep elf demonologist (Elf:1)
  2 entropy weavers (Lair:5)
  A deep elf annihilator (Elf:1)
  2 death oozes (Swamp:4)
  An ettin (Swamp:4)
  2 green deaths (Swamp:4)
  Erolcha (D:10)
  An ice dragon (D:15)
  2 vault guards (D:13)
  A ghost crab (Swamp:2)
  A naga warrior (Snake:2)
  2 hydras
  A hell beast (Swamp:4)
  A centaur warrior (D:13)
  A two-headed ogre (Orc:1)
  7 death yaks
  2 queen ants
  A deep troll earth mage (Depths:1)
  3 dancing weapons (Elf:1)
  A spriggan berserker (Swamp:3)
  2 naga sharpshooters
  A sun demon (Volcano)
  2 large abominations
  2 deep elf knights
  2 deep trolls (Depths:1)
  3 swamp dragons
  An unseen horror (D:11)
  An anaconda (Swamp:4)
  A naga ritualist (Snake:2)
  An orc knight (Orc:1)
  3 necromancers (Elf:1)
  7 deep elf magi (Elf:1)
  2 mana vipers
  An ugly thing (Swamp:4)
  2 elephants (Lair:5)
  2 naga magi (Snake:4)
  Joseph (D:10)
  A centaur zombie (D:12)
  4 black mambas
  A gargoyle (D:14)
  An orange demon (Swamp:4)
  A spiny frog (Lair:4)
  2 komodo dragons
  A rime drake (Lair:4)
  A red devil (Swamp:4)
  4 hornets
  4 bog bodies (Swamp:4)
  A hippogriff (Lair:4)
  2 dream sheep
  A blink frog (Lair:5)
  3 slime creatures (Swamp:4)
  7 spriggans
  17 yaks
  3 wraiths
  A warg (Orc:2)
  2 vampire mosquitoes (D:15)
  A swamp worm (Swamp:2)
  7 soldier ants (Lair:5)
  An insubstantial wisp (Swamp:1)
  5 orc warriors
  Duvessa (D:5)
  5 water moccasins
  2 porcupines (Lair:5)
  A swamp drake (Swamp:1)
  A black bear (D:7)
  An eye of draining (Lair:6)
  6 ice beasts
  2 boggarts (Lair:6)
  An ogre (Orc:1)
  4 wolves (Lair:6)
  2 centaurs (D:7)
  2 crocodiles (Lair:1)
  2 bullfrogs
  A big kobold (D:10)
  Blork the orc (D:5)
  2 wyvern skeletons
  A scorpion (D:8)
  A troll zombie (D:13)
  4 killer bees
  8 wights
  A jelly (D:12)
  A hound (D:8)
  4 orc priests
  7 worker ants
  6 orc wizards
  A howler monkey zombie (D:9)
  3 adders
  An adder zombie (D:6)
  22 orcs
  A hobgoblin (D:7)
  A frilled lizard (D:7)
  3 plants
244 creatures vanquished.

Vanquished Creatures (others)
  2 orc high priests (Orc:2)
  A naga sharpshooter (Snake:4)
  A sea snake (Snake:2)
  A spriggan druid (Swamp:4)
  A naga ritualist (Snake:2)
  A swamp dragon (Swamp:4)
  2 deep elf magi (Elf:1)
  A faun (Orc:2)
  A black mamba (Snake:2)
  An eye of devastation (Lair:6)
  A spiny frog (Lair:1)
  A kobold demonologist (D:15)
  A dream sheep (Lair:6)
  2 hippogriffs
  A shadow (Swamp:4)
  A vampire (D:11)
  2 yaks
  3 nagas (Snake:4)
  A wolf (Lair:6)
  A killer bee (D:12)
  A centaur (D:11)
  2 orc priests (Orc:2)
  An orc wizard (Orc:2)
  A shadow imp (D:11)
  7 ball lightnings
  An orc (D:11)
  A kobold (D:15)
  A briar patch (Swamp:4)
  2 bushes
  21 fungi
  18 plants
82 creatures vanquished.

Grand Total: 1168 creatures vanquished

Notes
Turn   | Place    | Note
-------+----------+-------------------------------------------
     0 | D:1      | Folque the Demonspawn Artificer began the quest for the
                  | Orb.
     0 | D:1      | Reached XP level 1. HP: 15/15 MP: 3/3
   175 | D:1      | Reached skill level 1 in Short Blades
   362 | D:1      | Gained mutation: You are partially covered in yellow
                  | scales. (AC +2) [demonic ancestry]
   362 | D:1      | Reached XP level 2. HP: 22/22 MP: 4/4
   787 | D:2      | Reached XP level 3. HP: 18/27 MP: 5/5
   961 | D:2      | Gained mutation: You regenerate a little health from kills.
                  | [demonic ancestry]
   961 | D:2      | Reached XP level 4. HP: 32/34 MP: 6/6
  1028 | D:2      | Reached skill level 1 in Stealth
  1544 | D:2      | Reached XP level 5. HP: 34/41 MP: 8/8
  2099 | D:3      | Found a white marble altar of Elyvilon.
  2194 | D:3      | Found a sparkling altar of Nemelex Xobeh.
  2202 | D:3      | Became a worshipper of Nemelex Xobeh the Trickster
  2289 | D:3      | Received a gift from Nemelex Xobeh
  2727 | D:4      | Noticed a phantom
  2762 | D:4      | Reached * piety under Nemelex Xobeh
  2764 | D:4      | Killed a phantom
  2764 | D:4      | Reached skill level 5 in Evocations
  2764 | D:4      | Gained mutation: Your flesh is cold resistant. (rC+)
                  | [demonic ancestry]
  2764 | D:4      | Reached XP level 6. HP: 44/47 MP: 9/9
  3073 | D:4      | Found Koaqy's Jewellery Boutique.
  3215 | D:4      | Received a gift from Nemelex Xobeh
  3356 | D:4      | Reached ** piety under Nemelex Xobeh
  3510 | D:5      | Entered Level 5 of the Dungeon
  3535 | D:5      | Found a snail-covered altar of Cheibriados.
  3623 | D:5      | Found a burning altar of Makhleb.
  3802 | D:5      | Received a gift from Nemelex Xobeh
  3966 | D:5      | Reached skill level 1 in Armour
  3966 | D:5      | Gained mutation: You have sharp fingernails. [demonic
                  | ancestry]
  3966 | D:5      | Reached XP level 7. HP: 26/54 MP: 11/11
  4173 | D:5      | Noticed Edmund
  4185 | D:5      | Killed Edmund
  4304 | D:5      | Noticed Duvessa
  4304 | D:5      | Noticed Dowan
  4306 | D:5      | Killed Dowan
  4310 | D:5      | Killed Duvessa
  4367 | D:5      | Noticed Blork the orc
  4411 | D:5      | Killed Blork the orc
  4447 | D:5      | HP: 2/54 [poisoned by Blork the orc]
  5120 | D:6      | Gained mutation: You are mostly covered in yellow scales.
                  | (AC +3) [demonic ancestry]
  5120 | D:6      | Reached XP level 8. HP: 60/60 MP: 13/13
  5168 | D:6      | Reached *** piety under Nemelex Xobeh
  5348 | D:6      | Noticed Sigmund
  5359 | D:6      | Killed Sigmund
  5359 | D:6      | Reached skill level 3 in Invocations
  5867 | D:6      | Reached skill level 4 in Invocations
  5885 | D:6      | Found an ornate altar of the Wu Jian Council.
  5931 | D:7      | Noticed a hippogriff
  5951 | D:7      | Reached skill level 5 in Invocations
  5956 | D:7      | Killed a centaur
  5957 | D:7      | Reached skill level 6 in Invocations
  5972 | D:7      | Found a staircase to the Ecumenical Temple.
  6013 | D:7      | Gained mutation: You are immune to freezing clouds.
                  | [demonic ancestry]
  6013 | D:7      | Reached XP level 9. HP: 59/65 MP: 15/15
  6040 | Temple   | Entered the Ecumenical Temple
  6164 | D:7      | Received a gift from Nemelex Xobeh
  6296 | D:7      | Reached skill level 7 in Invocations
  6330 | D:7      | Found a bloodstained altar of Trog.
  6487 | D:7      | Reached **** piety under Nemelex Xobeh
  6542 | D:7      | Received a gift from Nemelex Xobeh
  6755 | D:7      | Found a glowing golden altar of the Shining One.
  7071 | D:8      | Noticed Gastronok
  7084 | D:8      | Killed Gastronok
  7084 | D:8      | Reached skill level 9 in Invocations
  7291 | D:9      | Received a gift from Nemelex Xobeh
  7297 | D:9      | Noticed a two-headed ogre
  7298 | D:9      | Noticed a skeletal warrior
  7298 | D:9      | Noticed a meliai
  7299 | D:9      | Noticed a yaktaur
  7300 | D:9      | Noticed a deep elf mage
  7344 | D:9      | Reached skill level 10 in Invocations
  7351 | D:9      | Gained mutation: You have very sharp fingernails. [demonic
                  | ancestry]
  7351 | D:9      | Reached XP level 10. HP: 68/71 MP: 17/17
  7671 | D:9      | Noticed a two-headed ogre
  7674 | D:9      | Killed a two-headed ogre
  7674 | D:9      | Reached skill level 5 in Dodging
  7674 | D:9      | Reached skill level 11 in Invocations
  7847 | D:9      | Received a gift from Nemelex Xobeh
  7992 | D:9      | Noticed a death yak
  7993 | D:9      | Found a staircase to the Lair.
  7994 | D:9      | Noticed a death yak
  8003 | D:9      | Killed a death yak
  8013 | D:9      | You fall through a shaft for 3 floors!
  8200 | D:12     | Reached skill level 12 in Invocations
  8200 | D:12     | Reached skill level 10 in Evocations
  8573 | D:12     | Noticed a four-headed hydra
  8583 | D:12     | Killed a four-headed hydra
  8618 | D:12     | Received a gift from Nemelex Xobeh
  8864 | D:12     | Reached XP level 11. HP: 77/77 MP: 20/20
  8923 | D:12     | Found a sparkling altar of Nemelex Xobeh.
  9280 | D:11     | Received a gift from Nemelex Xobeh
  9289 | D:11     | Reached skill level 13 in Invocations
  9334 | D:11     | Reached skill level 5 in Armour
  9368 | D:11     | Killed an unseen horror
 10038 | D:10     | Entered Level 10 of the Dungeon
 10192 | D:10     | Reached skill level 1 in Throwing
 10197 | D:10     | Found a staircase to the Orcish Mines.
 10223 | D:10     | Noticed Joseph
 10230 | D:10     | Reached skill level 1 in Axes
 10265 | D:10     | Killed Joseph
 10279 | D:10     | Found a roughly hewn altar of Beogh.
 11050 | D:9      | Noticed a death yak
 11060 | D:9      | Killed a death yak
 11096 | Lair:1   | Entered Level 1 of the Lair of Beasts
 11096 | Lair:1   | Received a gift from Nemelex Xobeh
 11175 | Lair:1   | Received a gift from Nemelex Xobeh
 11785 | Lair:1   | Reached XP level 12. HP: 76/83 MP: 21/21
 11814 | Lair:1   | Received a gift from Nemelex Xobeh
 12210 | Lair:1   | Got a scorched short sword
 12211 | Lair:1   | Identified the +11 short sword "Cuheafo" {protect, rF+
                  | Dex+2} (You found it on level 1 of the Lair of Beasts)
 12583 | Lair:2   | Received a gift from Nemelex Xobeh
 13101 | Lair:2   | Reached skill level 5 in Fighting
 13230 | Lair:2   | Reached skill level 5 in Short Blades
 13524 | Lair:2   | Noticed Harold
 13546 | Lair:2   | Killed Harold
 13818 | Lair:2   | Reached ***** piety under Nemelex Xobeh
 13818 | Lair:2   | Received a gift from Nemelex Xobeh
 13853 | Lair:2   | Found a staircase to the Snake Pit.
 13923 | Lair:2   | Received a gift from Nemelex Xobeh
 14168 | Lair:3   | Found a sacrificial altar of Ru.
 14536 | Lair:3   | Received a gift from Nemelex Xobeh
 14597 | Lair:3   | Identified a scroll of acquirement
 14879 | Lair:3   | Received a gift from Nemelex Xobeh
 15496 | D:10     | Noticed Erolcha
 15516 | D:10     | Killed Erolcha
 15800 | D:10     | Received a gift from Nemelex Xobeh
 16122 | Orc:1    | Entered Level 1 of the Orcish Mines
 16122 | Orc:1    | Found a roughly hewn altar of Beogh.
 16298 | Lair:4   | Received a gift from Nemelex Xobeh
 16349 | Lair:4   | Noticed a death yak
 16350 | Lair:4   | Noticed a death yak
 16350 | Lair:4   | Noticed a death yak
 16350 | Lair:4   | Noticed a death yak
 16352 | Lair:4   | Noticed a death yak
 16370 | Lair:4   | Killed a death yak
 16371 | Lair:4   | Killed a death yak
 16372 | Lair:4   | Killed a death yak
 16378 | Lair:4   | Killed a death yak
 16392 | Lair:4   | Killed a death yak
 16868 | Lair:4   | Received a gift from Nemelex Xobeh
 17101 | Lair:4   | Received a gift from Nemelex Xobeh
 17316 | Lair:4   | Found a staircase to the Swamp.
 17491 | Lair:5   | Noticed a seven-headed hydra
 17510 | Lair:5   | Received a gift from Nemelex Xobeh
 17547 | Lair:5   | Noticed a spark wasp
 17547 | Lair:5   | a seven-headed hydra changed into a spark wasp
 17552 | Lair:5   | Killed a spark wasp
 17552 | Lair:5   | Reached XP level 13. HP: 59/93 MP: 22/22
 17566 | Lair:5   | Reached ****** piety under Nemelex Xobeh
 17597 | Lair:5   | Noticed an entropy weaver
 17597 | Lair:5   | Noticed an entropy weaver
 17617 | Lair:5   | Killed an entropy weaver
 17648 | Lair:5   | Killed an entropy weaver
 17852 | Lair:5   | Received a gift from Nemelex Xobeh
 18157 | Lair:5   | Received a gift from Nemelex Xobeh
 18394 | Lair:6   | Entered Level 6 of the Lair of Beasts
 18567 | Lair:6   | Reached skill level 14 in Invocations
 18665 | Lair:6   | Received a gift from Nemelex Xobeh
 18682 | Lair:6   | Found a dark tunnel.
 18687 | Volcano  | Entered a volcano
 18878 | Volcano  | Received a gift from Nemelex Xobeh
 18913 | Volcano  | Found a bloodstained altar of Trog.
 18915 | Volcano  | Reached XP level 14. HP: 100/100 MP: 24/24
 18935 | Volcano  | Reached skill level 10 in Armour
 19598 | Lair:6   | Found a staircase to the Slime Pits.
 19707 | Lair:6   | Reached skill level 10 in Short Blades
 19768 | Lair:6   | Reached skill level 15 in Invocations
 20018 | Lair:6   | Received a gift from Nemelex Xobeh
 20030 | Lair:6   | Reached skill level 1 in Shields
 20724 | Slime:1  | Entered Level 1 of the Pits of Slime
 20999 | D:12     | Received a gift from Nemelex Xobeh
 21982 | D:13     | Found a gate to the Vaults.
 22120 | D:13     | Reached skill level 5 in Shields
 22308 | D:13     | Found an ancient bone altar of Kikubaaqudgha.
 22616 | D:13     | Received a gift from Nemelex Xobeh
 23613 | D:14     | Received a gift from Nemelex Xobeh
 23874 | D:15     | Entered Level 15 of the Dungeon
 23875 | D:15     | Received a gift from Nemelex Xobeh
 23920 | D:15     | Gained mutation: You regenerate health from kills. [demonic
                  | ancestry]
 23920 | D:15     | Reached XP level 15. HP: 100/105 MP: 26/26
 24273 | D:15     | Found a staircase to the Depths.
 24369 | D:15     | Received a gift from Nemelex Xobeh
 24373 | D:15     | Found Delaxtoh's Book Emporium.
 24541 | D:15     | Found a frozen archway.
 24564 | IceCv    | Entered an ice cave
 25291 | Depths:1 | Entered Level 1 of the Depths
 25292 | Depths:1 | Noticed a sphinx
 25312 | D:15     | Killed a sphinx
 25452 | Orc:2    | Entered Level 2 of the Orcish Mines
 25506 | Orc:1    | Found Toiluneh's Magic Scroll Boutique.
 25662 | Orc:1    | Received a gift from Nemelex Xobeh
 25930 | Orc:2    | Received a gift from Nemelex Xobeh
 25959 | Orc:2    | Found a staircase to the Elven Halls.
 26290 | Orc:2    | Received a gift from Nemelex Xobeh
 26371 | Orc:2    | Found Todeolu's Food Shoppe.
 26371 | Orc:2    | Paralysed by an orc sorcerer for 5 turns
 26424 | Orc:2    | Reached skill level 10 in Shields
 26438 | Orc:2    | Paralysed by an orc sorcerer for 7 turns
 26682 | Orc:2    | Found Issuwyck's Gadget Shop.
 26688 | Orc:2    | Bought a lightning rod (4/4) for 400 gold pieces
 26688 | Orc:2    | Bought a wand of disintegration (19) for 230 gold pieces
 26690 | Orc:2    | Found Joshivao's Magic Scroll Shop.
 26705 | Orc:2    | Found Lyvuh's Assorted Antiques.
 26711 | Orc:2    | Bought a scroll of teleportation for 51 gold pieces
 26905 | Elf:1    | Entered Level 1 of the Elven Halls
 27053 | Elf:1    | Found a radiant altar of Vehumet.
 27176 | Elf:1    | Received a gift from Nemelex Xobeh
 27609 | Swamp:1  | Entered Level 1 of the Swamp
 28290 | Swamp:1  | Received a gift from Nemelex Xobeh
 28699 | Swamp:2  | Received a gift from Nemelex Xobeh
 28994 | Swamp:2  | Gained mutation: You have claws for hands. [demonic
                  | ancestry]
 28994 | Swamp:2  | Reached XP level 16. HP: 96/111 MP: 27/27
 29281 | Swamp:2  | Received a gift from Nemelex Xobeh
 29673 | Swamp:3  | Received a gift from Nemelex Xobeh
 30211 | Swamp:3  | Noticed Louise
 30215 | Swamp:3  | Killed Louise
 30275 | Swamp:3  | HP: 5/111 [poison (poison gas)]
 30696 | Swamp:3  | Received a gift from Nemelex Xobeh
 31616 | Swamp:4  | Entered Level 4 of the Swamp
 32133 | Swamp:4  | Received a gift from Nemelex Xobeh
 32405 | Swamp:4  | Reached skill level 10 in Dodging
 32530 | Swamp:4  | Got a decaying rune of Zot
 32678 | Swamp:4  | HP: 3/116 [enormous slime creature (46)]
 32903 | Swamp:4  | Noticed a thorn hunter
 32917 | Swamp:4  | Killed a thorn hunter
 34423 | Elf:1    | Noticed Roxanne
 34926 | Elf:1    | Received a gift from Nemelex Xobeh
 35077 | Elf:1    | Reached XP level 17. HP: 125/125 MP: 28/28
 35080 | Elf:1    | Identified Sif Muna's Compendium of Darkness
 35086 | Elf:1    | Learned a level 3 spell: Regeneration
 35846 | Snake:1  | Entered Level 1 of the Snake Pit
 35851 | Snake:1  | Noticed Frances
 35863 | Snake:1  | Killed Frances
 35863 | Snake:1  | Reached skill level 1 in Necromancy
 36396 | Snake:1  | Got a steaming scale mail
 36450 | Snake:1  | Identified the +3 scale mail of the Cockroach {*Slow rPois
                  | rF++ rN+} (You found it on level 1 of the Snake Pit)
 36488 | Snake:1  | Received a gift from Nemelex Xobeh
 37082 | Snake:2  | Reached skill level 1 in Charms
 38252 | Snake:2  | Received a gift from Nemelex Xobeh
 38977 | Snake:2  | Reached skill level 1 in Spellcasting
 39668 | Snake:3  | Received a gift from Nemelex Xobeh
 39931 | Snake:3  | Noticed Vashnia
 39952 | Snake:3  | Killed Vashnia
 40348 | Snake:3  | Learned a level 2 spell: Corpse Rot
 40761 | Snake:4  | Entered Level 4 of the Snake Pit
 40761 | Snake:4  | Received a gift from Nemelex Xobeh
 40821 | Snake:4  | Found Xyqeim's Assorted Antiques.
 40838 | Snake:4  | Reached skill level 5 in Charms
 40872 | Snake:4  | Bought a transparent scale mail for 324 gold pieces
 40884 | Snake:4  | Identified the +2 scale mail of Incorporation {rPois rF-
                  | Str+4 Int+10} (You bought it in a shop on level 4 of the
                  | Snake Pit)
 41039 | Snake:4  | Learned a level 5 spell: Bolt of Draining
 41129 | Snake:4  | Received a gift from Nemelex Xobeh
 41267 | Snake:4  | Reached skill level 1 in Conjurations
 41592 | Snake:4  | Reached skill level 5 in Necromancy
 41597 | Snake:4  | HP: 5/125 [naga sharpshooter/bolt (11)]
 41609 | Snake:4  | HP: 5/125 [salamander/halberd of chopping (5)]
 41609 | Snake:4  | Slain by a salamander

Skill      XL: |  1  2  3  4  5  6  7  8  9 10 11 12 13 14 15 16 17 |
---------------+----------------------------------------------------+-----
Short Blades   | 1 3 7 9 10 | 10.0
Fighting       | 2 3 4 6 9 |  9.0
Dodging        | 2 4 6 7 9 10 11 | 11.2
Stealth        | 1 2 3 |  3.1
Evocations     | 4 5 6 8 9 10 11 | 11.2
Armour         | 1 3 4 8 9 11 12 13 14 | 14.0
Invocations    | 6 10 12 13 14 15 | 15.0
Throwing       | 3 4 |  4.1
Axes           | 2 |  2.1
Shields        | 7 11 12 | 12.0
Necromancy     | 5 |  5.1
Charms         | 5 |  5.0
Spellcasting   | 4 |  4.2
Conjurations   | 3 |  3.5

Action                   |  1- 3 |  4- 6 |  7- 9 | 10-12 | 13-15 | 16-18 || total
-------------------------+-------+-------+-------+-------+-------+-------++-------
Melee: Short sword       |    14 |       |       |   269 |  1784 |  1465 ||  3532
       Dagger            |    72 |   280 |   279 |   267 |       |       ||   898
       War axe           |       |       |       |    65 |       |       ||    65
 Fire: Blowgun           |       |       |       |     8 |       |       ||     8
Throw: Javelin           |       |       |       |    16 |    29 |    25 ||    70
       Throwing net      |       |       |       |     2 |     1 |     1 ||     4
 Cast: Regeneration      |       |       |       |       |       |    17 ||    17
       Corpse Rot        |       |       |       |       |       |     3 ||     3
Invok: Triple Draw       |       |       |     3 |       |     2 |     9 ||    14
       Deal Four         |       |       |       |     6 |     6 |     5 ||    17
Evoke: Wand              |     3 |    13 |    50 |   153 |    93 |   107 ||   419
       Deck              |       |     2 |    17 |    39 |    78 |    48 ||   184
       Fan of gales      |       |       |       |     1 |     2 |     2 ||     5
       Phial of floods   |       |       |       |       |     4 |     4 ||     8
       Lightning rod     |       |       |       |       |     1 |    21 ||    22
  Use: Scroll            |     2 |     3 |       |    29 |     7 |     9 ||    50
       Potion            |       |       |       |     3 |     9 |    14 ||    26
 Stab: Sleeping          |     3 |     6 |     3 |     3 |     2 |     9 ||    26
       Confused          |     1 |       |     2 |     4 |       |       ||     7
       Distracted        |       |     1 |       |     2 |     7 |     4 ||    14
       Paralysed         |       |       |     1 |     3 |     5 |     3 ||    12
       Petrified         |       |       |     4 |       |     2 |     1 ||     7
       Petrifying        |       |       |       |       |     4 |       ||     4
       Held in net/web   |       |       |       |       |     1 |       ||     1
       Betrayed ally     |       |       |       |       |       |     1 ||     1
  Eat: Chunk             |       |     9 |    12 |    27 |    31 |    27 ||   106
       Ration            |       |       |       |     2 |     2 |     5 ||     9
Armor: Leather armour    |    24 |    73 |   107 |   192 |       |       ||   396
       Scale mail        |       |       |       |    60 |   642 |   489 ||  1191
Dodge: Dodged            |    43 |   140 |   133 |   453 |   801 |   716 ||  2286
Block: Buckler           |       |       |       |       |   303 |   402 ||   705
